 Dungeon Crawl Stone Soup version 0.30.1-3-gfc49f6343a (webtiles) character file.

Game seed: 11325162592806766563

933 H0rd4k the Sneak (level 8, -5/51 HPs)
             Began as an Octopode Artificer on July 18, 2023.
             Shot with an arrow by a centaur (10 damage)
             ... on level 6 of the Dungeon.
             The game lasted 00:03:42 (3526 turns).

H0rd4k the Sneak (Octopode Artificer)               Turns: 3526, Time: 00:03:43

Health: -5/51      AC:  1    Str: 11    XL:     8   Next: 11%
Magic:  8/8        EV: 14    Int: 15    God:
Gold:   228        SH:  0    Dex: 13    Spells: 7/7 levels left

rFire   . .          .
                       - Unarmed
rCold   . . .        (no shield)
rNeg    . . .        (helmet restricted)
rPois   .            (no amulet)
rElec   .            l - ring of wizardry
rCorr   .            h - ring of willpower
SInv    .            (no ring)
Will    +....        (no ring)
Stlth   ++++         (no ring)
HPRegen 0.28/turn    (no ring)
MPRegen 0.11/turn    (no ring)
                     (no ring)

%: wizardry (x1)
@: no status effects
A: almost no armour, amphibious, 8 rings, camouflage 1, gelatinous body 1,
(nimble swimmer 1), tentacles
a: no special abilities


You were on level 6 of the Dungeon.
You visited 1 branch of the dungeon, and saw 6 of its levels.

You collected 228 gold pieces.

Inventory:

Missiles
 f - 2 throwing nets
 s - 6 poisoned darts
Jewellery
 h - a ring of willpower (right tentacle)
 l - a ring of wizardry (left tentacle)
Wands
 b - a wand of flame (6) (quivered)
 d - a wand of iceblast (3)
 u - a wand of acid (8)
Scrolls
 g - a scroll of fear {unknown}
 i - 2 scrolls of teleportation {unknown}
 j - 2 scrolls of identify {unknown}
 k - a scroll of silence {unknown}
 r - a scroll of amnesia {unknown}
 t - a scroll of vulnerability {unknown}
Potions
 a - a potion of might {unknown}
 e - 2 potions of curing {unknown}
 m - 2 potions of mutation {unknown}
 n - a potion of flight {unknown}
 o - a potion of cancellation {unknown}
 p - a potion of invisibility {unknown}
 q - a potion of heal wounds {unknown}


   Skills:
 + Level 2.6 Fighting
 + Level 4.8 Dodging
 + Level 5.7 Stealth
 + Level 5.1 Unarmed Combat
 + Level 5.0 Evocations


You had 7 spell levels left.
You didn't know any spells.
Your spell library contained the following spells:

 Spells                   Type           Power      Damage    Failure   Level
 Apportation              Tloc           0%         N/A       11%         1
 Necrotise                Necr           0%         1d4       11%         1
 Summon Small Mammal      Summ           0%         N/A       11%         1
 Ensorcelled Hibernation  Hex/Ice        0%         N/A       16%         2
 Passwall                 Tmut/Erth      0%         N/A       16%         2
 Swiftness                Air            0%         N/A       32%         3
 Petrify                  Tmut/Erth      0%         N/A       69%         4
 Metabolic Englaciation   Hex/Ice        0%         N/A       95%         5
 Statue Form              Tmut/Erth      0%         N/A       100%        6


Dungeon Overview and Level Annotations

Branches:
Dungeon (6/15)
 Temple: D:4-7

Altars:
Hepliaklqana
Okawaru

Annotations:
D:3 Grinder


Innate Abilities, Weirdness & Mutations

You cannot wear most types of armour.
You are amphibious.
You can wear up to eight rings at the same time.
Your skin changes colour to match your surroundings (Stealth+).
Your rubbery body absorbs attacks. (AC +1, EV +1)
((You are camouflaged when in or above water. (Stealth+)))
You have tentacles for arms and can constrict up to eight enemies at once.


Message History

You hear a shout!
You hear a bark!
Blork the orc points at you and mumbles some strange words.
The puff of frost hits you!
* * * LOW HITPOINT WARNING * * *
Aiming: Iceblast
Press: ? - help, Shift-Dir - straight line, f/p - Blork the orc
Aim: Blork the orc, wielding a +0 flail and wearing a +0 robe (moderately wounded)
The mass of ice explodes!
The iceblast engulfs Blork the orc!!
You kill Blork the orc!
You hear a shout! x2; You hear an angry growl.
Your Evocations skill increases to level 5!
An orc comes into view. It is wielding a +0 club.
There is an iron altar of Okawaru here.
You see here 8 gold pieces.
An orc is nearby!
You enter the deep water.
An orc priest comes into view. It is wielding a +0 mace.
An orc warrior, 2 orcs and a hound come into view.
An orc is wielding a +2 flail of holy wrath and quivering silver boomerangs.
Found 9 gold pieces.
Found a stone staircase leading up.
The orc priest invokes the aid of Beogh against you.
Beogh smites you!
* * * LOW HITPOINT WARNING * * *
The orc moves out of view.
A centaur comes into view.
Aiming: Charm
Press: ? - help, Shift-Dir - straight line, f - centaur
Aim: a centaur (wandering, hasn't noticed you, chance to affect: 62%)
The centaur resists with significant effort.
The centaur wields a +0 shortbow.
The centaur shoots an arrow.
The arrow barely misses you.
The arrow hits the hound!
Unknown command.
Aiming: Charm
Press: ? - help, Shift-Dir - straight line, f/p - centaur
Aim: a centaur, wielding a +0 shortbow (chance to affect: 62%)
The centaur resists with significant effort.
The orc shouts!
The now-empty wand crumbles to dust.
The centaur shoots an arrow.
The arrow hits you!
You die...

#.≈.....≈.##.#
#.≈.≈≈≈.≈.##.#
#.≈≈...≈≈$##.##
#.≈≈$_.≈≈.#....
#.≈≈...≈≈.#####
#.≈.≈≈≈$≈.#
#.≈o....≈.#
###.######o.≈≈≈≈≈.)#
.....c.@ho#########.#
####.####..o.o.<. .#
#.#...... # #^#######
#.# #.# #.# #.#


You could see an orc warrior, a centaur, a hound, an orc priest and 3 orcs.

Vanquished Creatures
  A black bear (D:4)
  An ogre (D:4)
  A kobold brigand (D:6)
  Blork the orc (D:6)
  2 scorpions
  2 hounds (D:5)
  A jelly (D:5)
  A sleepcap (D:6)
  3 iguanas
  3 adders (D:5)
  2 ufetubi (D:5)
  A worm (D:4)
  A dart slug (D:5)
  6 orcs
  3 ball pythons
  2 endoplasms (D:1)
  2 giant cockroaches
  3 goblins
  5 hobgoblins (D:1)
  5 jackals
  3 quokkas
  3 bats (D:1)
  2 frilled lizards
  5 kobolds
59 creatures vanquished.

Vanquished Creatures (collateral kills)
  A sky beast (D:6)
  A black bear (D:5)
  An orc priest (D:5)
  A hound (D:5)
  4 gnolls (D:5)
  3 orcs
11 creatures vanquished.

Vanquished Creatures (others)
  An orc (D:5)
1 creature vanquished.

Grand Total: 71 creatures vanquished

Notes
Turn   | Place    | Note
-------+----------+-------------------------------------------
     0 | D:1      | H0rd4k the Octopode Artificer began the quest for the Orb.
     0 | D:1      | Reached XP level 1. HP: 13/13 MP: 1/1
   227 | D:1      | Reached XP level 2. HP: 17/18 MP: 2/2
   543 | D:1      | Found a faded altar of an unknown god.
   663 | D:1      | Reached XP level 3. HP: 23/23 MP: 3/3
  1077 | D:3      | Noticed Grinder
  1162 | D:4      | Noticed a scorpion
  1176 | D:4      | Identified the +0 leather armour of Bitterness {Harm rElec
                  | Str+3 Int-2}
  1206 | D:4      | Reached skill level 1 in Unarmed Combat
  1206 | D:4      | Reached XP level 4. HP: 27/28 MP: 4/4
  1512 | D:4      | Noticed a black bear
  1520 | D:4      | Killed a black bear
  1521 | D:4      | Reached XP level 5. HP: 12/33 MP: 5/5
  1703 | D:4      | Noticed an ogre
  1707 | D:4      | Killed an ogre
  1708 | D:4      | Reached XP level 6. HP: 39/39 MP: 6/6
  2166 | D:5      | Entered Level 5 of the Dungeon
  2200 | D:5      | Noticed a black bear
  2233 | D:5      | Reached XP level 7. HP: 14/45 MP: 7/7
  2888 | D:5      | Reached skill level 5 in Stealth
  3023 | D:5      | Found a hazy altar of Hepliaklqana.
  3466 | D:6      | Reached skill level 5 in Unarmed Combat
  3466 | D:6      | Reached XP level 8. HP: 6/51 MP: 8/8
  3508 | D:6      | Found an iron altar of Okawaru.
  3511 | D:6      | Noticed Blork the orc
  3515 | D:6      | Killed Blork the orc
  3516 | D:6      | Reached skill level 5 in Evocations
  3526 | D:6      | Shot with an arrow by a centaur

Illustrated notes

Levels and vault maps discovered:
D:1:      minmay_arrival_shattered_statue, layout_loops_corners,
          shapermc_ecumenical_altar_starsandcircs, dreamdust_princess_bridge
D:2:      layout_basic, minmay_pentomino_u2, uniq_jessica
D:3:      layout_loops_ring, grunt_temple_overflow_open, uniq_grinder,
          uniq_crazy_yiuf_cottage
D:4:      layout_gridville, lemuel_flame_loot_1
D:5:      wad_lake_hut, layout_loops_ring, marbit_many_paths
D:6:      layout_loops_ring, mainiacjoe_overflow_paths, uniq_blork_the_orc

Skill      XL: |  1  2  3  4  5  6  7  8 |
---------------+-------------------------+-----
Dodging        | 3 4 |  4.8
Stealth        | 2 3 4 5 |  5.7
Unarmed Combat | 1 2 3 5 |  5.1
Evocations     | 4 5 |  5.0
Fighting       | 2 |  2.6

Action                     |  1- 3 |  4- 6 |  7- 9 || total
---------------------------+-------+-------+-------++-------
  Melee: Unarmed           |    79 |    28 |    57 ||   164
         Tentacles         |    21 |     8 |    18 ||    47
         Constrict         |    19 |     9 |    14 ||    42
         Punch             |       |     1 |     3 ||     4
  Evoke: Wand              |     3 |    11 |    12 ||    26
   Stab: Sleeping          |     8 |     1 |     5 ||    14
 Armour: Skin              |     8 |     3 |     3 ||    14
  Dodge: Dodged            |    71 |    29 |    33 ||   133
